Map: Automaton LE

Players

Iceman

  • Race: Zerg Zerg
  • League: Diamond
  • Spawn Location: 9:00

Bleach - Winner!

  • Race: Protoss Protoss
  • League: Diamond
  • Spawn Location: 3:00

VOD

Have the link to the VOD?

Description

Time

  • Played on: Feb. 8, 2019, 4:53 p.m.
  • Length: 10:55
Show
View Real Time Build Order
Export as new Build Order

Iceman Zerg 

Build Orders: Hatch First 

Get SALT Encoding   

  12  0:01  Drone  
  13  0:12  Overlord  
  13  0:18  Drone  
  14  0:31  Drone x2  
  16  0:51  Hatchery  
  16  0:54  Drone  
  17  0:57  Drone  
  17  1:00  Drone  
  18  1:10  Extractor  
  17  1:17  Spawning Pool  
  16  1:20  Drone  
  16  1:24  Drone  
  18  1:30  Drone  
  19  1:39  Drone  
  20  2:01  Overlord  
  20  2:04  Zergling x4  
  20  2:05  Queen x2  
  26  2:15  Metabolic Boost  
  26  2:32  Drone  
  26  2:33  Drone x3  
  30  2:45  Hatchery  
  30  2:48  Drone  
  30  2:51  Overlord  
  30  2:56  Drone x2  
  32  3:02  Queen  
  34  3:15  Overlord  
  34  3:17  Drone x4  
  38  3:21  Drone x2  
  40  3:34  Overlord  
  40  3:35  Drone x5  
  45  3:42  Lair  
  45  3:50  Roach Warren  
  45  3:51  Overlord  
  45  3:53  Drone  
  45  3:55  Extractor  
  45  3:57  Extractor  
  43  4:16  Overlord  
  43  4:18  Drone x2  
  43  4:19  Drone x2  
  43  4:20  Drone x2  
  43  4:21  Overlord  
  49  4:36  Roach x6  
  61  4:40  Overlord x2  
  61  4:43  Roach  
  61  4:45  Roach  
  65  4:48  Zergling x8  
  69  4:53  Overseer  
  62  5:23  Drone x11  
  62  5:24  Ravager  
  62  5:26  Extractor  
  73  5:29  Spore Crawler  
  73  5:30  Drone  
  73  5:31  Drone x2, Queen x2  
  73  5:32  Hydralisk Den  
  78  5:38  Spore Crawler  
  78  5:41  Overlord  
  77  5:47  Drone x4  
  81  5:50  Glial Reconstitution  
  81  5:55  Drone  
  81  5:56  Evolution Chamber, Drone  
  82  5:59  Drone x2  
  82  6:03  Muscular Augments  
  84  6:05  Drone  
  85  6:11  Drone  
  85  6:12  Drone x4  
  89  6:27  Zergling x14  
  90  6:36  Hydralisk x2  
  85  6:41  Zerg Missile Weapons Level 1  
  85  6:42  Hydralisk  
  85  6:48  Hydralisk x2  
  85  6:52  Drone x4  
  85  6:56  Drone  
  85  6:57  Drone  
  87  7:05  Drone x2  
  89  7:09  Spore Crawler  
  89  7:10  Drone x4  
  92  7:21  Drone x5  
  97  7:23  Baneling Nest  
  97  7:27  Drone  
  97  7:28  Drone  
  97  7:29  Drone  
  99  7:30  Drone  
  98  7:40  Drone x3  
  90  7:52  Drone x5  
  90  7:56  Grooved Spines, Hydralisk  
  97  8:02  Zergling x4  
  97  8:04  Hydralisk  
  101  8:07  Extractor  
  101  8:11  Hydralisk x2  
  104  8:14  Hydralisk  
  104  8:18  Overlord  
  104  8:19  Overlord  
  106  8:20  Overlord  
  106  8:21  Overlord  
  106  8:25  Overlord x2  
  106  8:30  Overlord x2  
  106  8:31  Overlord  
  106  8:42  Hydralisk x3  
  106  8:43  Hydralisk  
  106  8:45  Hatchery, Hydralisk  
  115  8:51  Drone x2  
  117  9:06  Drone x7  
  124  9:10  Centrifical Hooks  
  124  9:12  Zergling x2  
  125  9:19  Hydralisk x3  
  125  9:33  Spine Crawler, Drone x2  
  125  9:34  Spine Crawler, Drone x3  
  128  9:39  Drone x2  
  130  9:48  Drone x4  
  134  9:53  Drone  
  134  9:55  Hatchery  
  134  9:57  Extractor  
  134  9:58  Overseer  
  133  10:00  Hydralisk x4  
  133  10:02  Extractor  
  133  10:05  Ravager x3  
  133  10:06  Ravager x4, Hydralisk  
  147  10:10  Hydralisk x2  
  147  10:11  Hydralisk  
  155  10:17  Hydralisk  
  152  10:28  Hydralisk x2  
  152  10:29  Hydralisk x2  
  152  10:30  Hydralisk  
Show
View Real Time Build Order
Export as new Build Order

Bleach Protoss - Winner!

Build Orders: 1 Gate Expand, Archon Immortal, Dark Templar Rush 

Get SALT Encoding   

  12  0:01  Probe  
  13  0:13  Probe  
  14  0:20  Pylon  
  14  0:25  Probe  
  15  0:34  Probe  
  15  0:42  Probe  
  16  0:44  Gateway  
  17  0:52  Assimilator, Probe  
  18  1:04  Probe  
  19  1:24  Nexus  
  19  1:35  Cybernetics Core  
  19  1:39  Probe  
  19  1:42  Assimilator  
  20  1:48  Probe  
  21  1:59  Pylon  
  21  2:06  Probe  
  22  2:16  Warp Gate  
  22  2:17  Adept  
  24  2:28  Twilight Council  
  24  2:33  Probe  
  25  2:41  Probe  
  25  2:42  Gateway  
  25  2:44  Probe  
  27  2:52  Probe  
  27  2:58  Stalker  
  30  3:08  Robotics Facility  
  30  3:10  Probe  
  30  3:11  Probe  
  32  3:22  Probe  
  32  3:24  Dark Shrine  
  33  3:30  Probe  
  33  3:38  Probe  
  33  3:41  Gateway  
  34  3:44  Gateway  
  34  3:47  Warp Prism  
  35  3:56  Pylon  
  35  4:01  Probe  
  38  4:04  Assimilator  
  38  4:06  Probe  
  39  4:18  Probe  
  39  4:20  Assimilator, Probe  
  39  4:23  Warp Prism  
  43  4:34  Pylon  
  43  4:44  Probe  
  44  4:46  Probe  
  44  4:47  Pylon  
  44  4:50  Dark Templar x3  
  51  4:54  Dark Templar  
  53  5:01  Probe  
  53  5:04  Pylon  
  48  5:23  Immortal  
  48  5:26  Probe x2  
  48  5:28  Robotics Facility  
  53  5:34  Probe x2  
  54  5:38  Gateway  
  54  5:39  Gateway  
  54  5:41  Charge  
  54  5:42  Probe  
  56  5:45  Probe  
  58  5:52  Dark Templar  
  58  5:54  Probe  
  61  6:00  Adept x3  
  67  6:25  Dark Templar x2  
  65  6:44  Dark Templar  
  65  6:45  Dark Templar  
  69  6:49  Gateway  
  69  6:50  Gateway  
  69  6:53  Gateway  
  69  7:02  Probe  
  74  7:08  Immortal x2  
  78  7:15  Pylon  
  78  7:17  Pylon  
  78  7:20  Pylon  
  78  7:22  Pylon  
  78  7:29  Archon  
  78  7:33  Robotics Bay  
  78  7:36  Zealot x2  
  82  7:37  Zealot  
  82  7:46  Archon  
  82  7:50  Immortal x2  
  90  7:57  Archon  
  90  7:58  Dark Templar  
  90  8:02  Archon  
  92  8:08  Probe  
  92  8:11  Pylon  
  93  8:13  Nexus  
  93  8:15  Pylon  
  93  8:16  Pylon x2  
  93  8:19  Colossus  
  93  8:27  Colossus  
  105  8:42  Zealot, Extended Thermal Lance  
  105  8:43  Zealot  
  105  8:46  Probe  
  110  8:51  Probe  
  110  8:55  Zealot x2  
  115  8:58  Probe  
  115  9:00  Pylon  
  116  9:13  Observer  
  117  9:24  Zealot x2  
  117  9:25  Zealot x5  
  123  9:33  Probe  
  123  9:35  Templar Archives  
  124  9:41  Probe, Pylon  
  124  9:48  Probe  
  124  9:50  Pylon  
  126  10:14  Zealot x7  
  140  10:32  Zealot x2  
  130  10:39  Zealot x5  
  130  10:40  Zealot  
Tags
 
Add a new tag
Caveats
  • Supply blocks, unpowered buildings, or Contaminate may cause inaccurate times.
  • Supply counts are checked every 10 seconds.